 Dungeon Crawl Stone Soup version 0.22.1-1-ga44c0e5 (webtiles) character file.

1888 Starchild the Spear-Bearer (level 9, -24/55 HPs)
             Began as a Merfolk Gladiator on Sept 25, 2018.
             Was a Priest of Hepliaklqana.
             Annihilated by an orc knight
             ... wielding a +0 halberd
              (31 damage)
             ... in a bailey.
             The game lasted 00:24:55 (7163 turns).

Starchild the Spear-Bearer (Merfolk Gladiator)      Turns: 7163, Time: 00:24:57

Health: -24/55     AC:  5    Str: 27    XL:     9   Next: 15%
Magic:  11/12      EV: 37    Int:  8    God:    Hepliaklqana [***...]
Gold:   335        SH:  0    Dex: 23    Spells: 8/8 levels left

rFire    + . .     SeeInvis .   D - +1 spear of Utyituf {pierce, Str+7 Dex+3 Stlth+} (curse)
rCold    + . .     Gourm    .   (no shield)
rNeg     + . .     Faith    .   b - +0 leather armour
rPois    .         Spirit   .   c - +0 helmet
rElec    .         Reflect  .   n - scarf {rC+ rF+}
rCorr    .         Harm     .   k - +0 pair of gloves
MR       .....                  (no boots)
Stlth    ++++......             y - amulet of the acrobat
HPRegen  0.18/turn              m - ring of positive energy
MPRegen  0.13/turn              t - +3 ring of strength

@: agile
A: change form in water, swift swim, stealthy swim, reduced essence
a: Recall Ancestor, Ancestor Identity, Transference, Renounce Religion


You were in a bailey.
You worshipped Hepliaklqana.
Hepliaklqana was most pleased with you.
You were not hungry.

You visited 1 branch of the dungeon, and saw 7 of its levels.
You also visited: Ossuary and Bailey.

You collected 335 gold pieces.

Inventory:

Hand Weapons
 a - a +0 trident
 z - a +0 glaive
 D - the cursed +1 spear of Utyituf (weapon) {pierce, Str+7 Dex+3 Stlth+}
   (You found it on level 7 of the Dungeon)

   It inflicts extra damage upon your enemies.
   It affects your strength (+7).
   It affects your dexterity (+3).
   It makes you more stealthy.
   It has a curse placed upon it.
Missiles
 d - 2 throwing nets
 g - 193 stones
 h - a tomahawk (quivered)
Armour
 b - a +0 leather armour (worn)
 c - a +0 helmet (worn)
 k - a +0 pair of gloves (worn)
 n - a scarf of resistance (worn)
Jewellery
 i - an uncursed amulet of magic regeneration
 m - a ring of positive energy (left hand)
 t - a +3 ring of strength (right hand)
 y - an amulet of the acrobat (around neck)
 C - an uncursed ring of resist corrosion
Wands
 o - a wand of random effects (9)
 u - a wand of flame (33)
Scrolls
 e - 5 scrolls of teleportation
 j - 3 scrolls of enchant weapon
 q - a scroll of amnesia
 s - 5 scrolls of remove curse
 v - a scroll of enchant armour {unknown}
 B - a scroll of magic mapping {unknown}
Potions
 l - 2 potions of haste
 p - a potion of flight
 r - a potion of agility
 w - 6 potions of curing
 x - a potion of magic
 A - a potion of might {unknown}
Comestibles
 f - 8 rations


   Skills:
 + Level 2.3 Fighting
 - Level 14.0 Polearms
 - Level 2.0 Throwing
 - Level 6.3 Dodging
 * Level 4.8 Invocations


You had 8 spell levels left.
You didn't know any spells.
Your spell library contained the following spells:

 Spells                   Type           Power        Failure   Level  Hunger
 Animate Skeleton         Necr           N/A          43%         1    ##.....
 Pain                     Necr           #...         43%         1    ##.....
 Regeneration             Chrm/Necr      #.........   82%         3    ####...
 Vampiric Draining        Necr           #.........   82%         3    ####...
 Animate Dead             Necr           N/A          99%         4    #####..


Dungeon Overview and Level Annotations

Branches:
Dungeon (7/15)             Temple (0/1) D:4

Altars:
Cheibriados
Hepliaklqana
Ru
Zin

Shops:
D:6 *

Annotations:
D:2 Sigmund


Message History

The orc knight is heavily wounded.
Ku-aya hits the orc knight with a dagger of draining.
Ku-aya drains the orc knight!
The orc knight roars a battlecry!
The orcs go into a battle-frenzy!
You hit the orc knight but do no damage.
The orc knight is heavily wounded.
The orc warrior hits you!! The orc warrior closely misses you.
Ku-aya barely misses the orc knight.
The orc knight hits you with a halberd!
* * * LOW HITPOINT WARNING * * *
The orc warrior wields an uncursed arbalest.
The orc warrior shoots a bolt.
The bolt completely misses you.
The orc warrior wields an uncursed arbalest.
The orc warrior shoots a bolt.
The bolt barely misses you.
You hear a shout!
You see here 3 bolts.
Ku-aya hits the orc knight but does no damage.
The orc knight hits you from afar with a halberd!!
Ouch! That really hurt!
You die...

#### ##∩## #####
..((##...##.....
≈≈≈..#...#..≈≈≈.
≈o≈≈.......≈≈o≈≈
oo≈.......≈oo.≈
o≈≈....oo.≈≈o≈≈
#.o.# #.R(#
##@## ###


You could see the friendly Ku-aya the hexer, an orc knight and 2 orc warriors.

Vanquished Creatures
  A phantom (D:7)
  An orc warrior (D:6)
  2 ogres
  2 bullfrogs
  5 scorpions
  A howler monkey (D:6)
  A bullfrog zombie (D:5)
  2 crimson imps (D:6)
  A centaur zombie (Ossuary)
  A hound (D:4)
  2 human zombies (Ossuary)
  2 orc priests
  A bullfrog skeleton (D:6)
  A centaur skeleton (D:6)
  2 orc wizards (D:5)
  A worker ant (D:6)
  A hound zombie (D:5)
  2 mummies (Ossuary)
  2 worker ant zombies (D:5)
  7 gnolls
  4 scorpion zombies (Ossuary)
  4 adders
  A shadow imp (D:7)
  2 oozes
  2 adder skeletons
  A worm (D:2)
  A dart slug (D:1)
  12 orcs
  5 giant cockroaches
  5 goblins
  8 hobgoblins
  4 jackals (D:3)
  8 kobolds
  2 quokkas
  5 bats
  9 frilled lizards
  2 gnoll zombies (Ossuary)
  2 goblin zombies (Ossuary)
  A hobgoblin zombie (Ossuary)
  A jackal zombie (D:6)
  2 orc zombies (Ossuary)
  4 rats
123 creatures vanquished.

Vanquished Creatures (collateral kills)
  An ogre (D:5)
  2 scorpions
  2 orc priests
  A hound (D:6)
  A human zombie (Ossuary)
  Crazy Yiuf (D:5)
  A big kobold zombie (Ossuary)
  4 adders
  3 orcs (D:6)
  A giant cockroach (D:3)
  2 gnoll zombies (Ossuary)
  A hobgoblin (D:6)
  A kobold (D:6)
  A frilled lizard (D:4)
  A goblin zombie (Ossuary)
  An orc zombie (Ossuary)
  A quokka skeleton (D:5)
25 creatures vanquished.

Vanquished Creatures (others)
  A mummy (Ossuary)
  An ancestor (Ossuary)
2 creatures vanquished.

Grand Total: 150 creatures vanquished

Notes
Turn   | Place    | Note
-------+----------+-------------------------------------------
     0 | D:1      | Starchild the Merfolk Gladiator began the quest for the
                  | Orb.
     0 | D:1      | Reached XP level 1. HP: 16/16 MP: 1/1
   196 | D:1      | Reached XP level 2. HP: 19/22 MP: 2/2
   387 | D:1      | Reached skill level 5 in Polearms
   658 | D:1      | Reached XP level 3. HP: 27/27 MP: 3/3
  1003 | D:2      | Reached skill level 5 in Dodging
  1111 | D:2      | Reached skill level 6 in Polearms
  1111 | D:2      | Reached XP level 4. HP: 24/33 MP: 4/4
  1269 | D:2      | Noticed Sigmund
  1996 | D:3      | Found a hazy altar of Hepliaklqana.
  1997 | D:3      | Found a snail-covered altar of Cheibriados.
  2001 | D:3      | Became a worshipper of Hepliaklqana the Forgotten
  2194 | D:3      | Reached XP level 5. HP: 7/34 MP: 5/5
  2475 | D:3      | Found a glowing silver altar of Zin.
  2658 | D:4      | Reached skill level 7 in Polearms
  2791 | D:4      | Noticed an ogre
  2801 | D:4      | Killed an ogre
  2801 | D:4      | Reached XP level 6. HP: 39/39 MP: 6/6
  2811 | D:4      | Reached skill level 8 in Polearms
  2997 | D:4      | Found a sand-covered staircase.
  3010 | Ossuary  | Entered an ossuary
  3026 | Ossuary  | Reached skill level 1 in Invocations
  3175 | Ossuary  | Reached * piety under Hepliaklqana
  3352 | Ossuary  | Reached skill level 9 in Polearms
  3355 | Ossuary  | Reached XP level 7. HP: 34/45 MP: 8/8
  3532 | Ossuary  | Reached skill level 10 in Polearms
  4152 | D:4      | Found a staircase to the Ecumenical Temple.
  4267 | D:5      | Entered Level 5 of the Dungeon
  4397 | D:5      | Reached skill level 11 in Polearms
  4397 | D:5      | Reached XP level 8. HP: 33/50 MP: 10/10
  4878 | D:5      | Found a runed door.
  4882 | D:5      | Noticed Crazy Yiuf
  4886 | D:5      | Killed Crazy Yiuf
  4990 | D:5      | Found a sacrificial altar of Ru.
  5104 | D:5      | Reached skill level 12 in Polearms
  5637 | D:6      | Reached ** piety under Hepliaklqana
  5690 | D:6      | Remembered your ancestor Ku-aya as a hexer
  5932 | D:6      | Reached skill level 13 in Polearms
  6351 | D:6      | Found Ruky's Assorted Antiques.
  6740 | D:7      | Reached XP level 9. HP: 51/54 MP: 12/12
  6854 | D:7      | Reached *** piety under Hepliaklqana
  6860 | D:7      | Reached skill level 14 in Polearms
  7127 | D:7      | Found a flagged portal.
  7135 | D:7      | Got a brightly glowing spear
  7138 | D:7      | Identified the cursed +1 spear of Utyituf {pierce, Str+7
                  | Dex+3 Stlth+} (You found it on level 7 of the Dungeon)
  7144 | Bailey   | Entered a bailey
  7144 | Bailey   | Noticed an orc knight
  7150 | Bailey   | Noticed an orc knight
  7163 | Bailey   | Annihilated by an orc knight

Skill      XL: |  1  2  3  4  5  6  7  8  9 |
---------------+----------------------------+-----
Polearms       | 5 6 7 9 11 13 14 | 14.0
Dodging        | 5 6 |  6.3
Invocations    | 1 3 4 |  4.8
Fighting       | |  2.3
Throwing       | |  2.0

Action                   |  1- 3 |  4- 6 |  7- 9 || total
-------------------------+-------+-------+-------++-------
Melee: Trident           |   111 |   173 |   324 ||   608
       Spear             |       |       |     9 ||     9
Throw: Throwing net      |     1 |       |       ||     1
       Stone             |       |       |     4 ||     4
       Tomahawk          |       |       |     5 ||     5
Invok: Ancestor Identity |       |     1 |       ||     1
       Ancestor Life: He |       |       |     1 ||     1
       Recall Ancestor   |       |       |     1 ||     1
Evoke: Wand              |       |     4 |       ||     4
  Use: Scroll            |     2 |     4 |     7 ||    13
       Potion            |     1 |       |     5 ||     6
 Stab: Sleeping          |     2 |       |     1 ||     3
       Distracted        |       |     2 |     4 ||     6
       Confused          |       |       |     3 ||     3
  Eat: Chunk             |     1 |     3 |     7 ||    11
       Ration            |       |     1 |     2 ||     3
Armor: Leather armour    |    28 |    41 |    51 ||   120
Dodge: Dodged            |    82 |   120 |   201 ||   403
